 Dungeon Crawl Stone Soup version 0.31.0-32-g396128a36d (webtiles) character file.

Game seed: 9277237669430351273

1875 Fractals the Changeling (level 8, -6/62 HPs)
             Began as a Demonspawn Shapeshifter on Apr 13, 2024.
             Was an Initiate of Qazlal.
             Mangled by an unseen horror (8 damage)
             ... on level 7 of the Dungeon.
             The game lasted 00:22:04 (5511 turns).

Fractals the Changeling (Demonspawn Shapeshifter)   Turns: 5511, Time: 00:22:05

Health: -6/62      AC:  4    Str: 26    XL:     8   Next: 91%
Magic:  8/8        EV: 12    Int: 10    God:    Qazlal [......]
Gold:   249        SH:  6    Dex: 14    Spells: 7/7 levels left

rFire   . .          .
                       - Unarmed
rCold   . . .        (no shield)
rNeg    . . .        k - +1 leather armour of the World {Regen+ Str+4}
rPois   .            v - melded +0 helmet "Lesoi" {rElec Regen+ Dex+5}
rElec   .            (cloak currently unavailable)
rCorr   .            (gloves currently unavailable)
SInv    .            (boots currently unavailable)
Will    .....        (no amulet)
Stlth   ++           i - +6 ring of strength
HPRegen 1.10/turn    (no ring)
MPRegen 0.11/turn

%: no passive effects
@: beast-form, attractive
A: beast (slay +4), claws 2, large bone plates 2
a: Begin Untransformation, Renounce Religion


You were on level 7 of the Dungeon.
You worshipped Qazlal.
Qazlal was noncommittal.
You were a hulking beast.
You visited 2 branches of the dungeon, and saw 8 of its levels.

You collected 249 gold pieces.

Inventory:

Missiles
 r - a throwing net (quivered)
Armour
 k - the +1 leather armour of the World (worn) {Regen+ Str+4}
   (You found it on level 3 of the Dungeon)

   Str+4:     It affects your strength (+4).
   Regen+:    It increases your rate of health regeneration.
 v - the +0 helmet "Lesoi" (melded) {rElec Regen+ Dex+5}
   (You found it on level 5 of the Dungeon)

   Dex+5:     It affects your dexterity (+5).
   rElec:     It insulates you from electricity.
   Regen+:    It increases your rate of health regeneration.
Jewellery
 i - a +6 ring of strength (left claw)
 n - a ring of magical power
 t - a ring of protection from cold
Talismans
 c - a beast talisman (active)
 d - a flux talisman
 o - a serpent talisman
Wands
 e - a wand of charming (24)
 x - a wand of quicksilver (9)
Scrolls
 a - a scroll of brand weapon {unknown}
 g - 3 scrolls of identify
 h - a scroll of fog {unknown}
 j - 2 scrolls of blinking
 m - a scroll of teleportation
 s - a scroll of revelation {unknown}
 u - a scroll of fear
Potions
 b - 2 potions of lignification
 f - a potion of brilliance
 w - a potion of curing {unknown}
 z - a potion of enlightenment {unknown}


   Skills:
 - Level 5.0 Fighting
 + Level 3.6 Armour
 - Level 1.7 Dodging
 - Level 4.0 Stealth
 - Level 4.0 Unarmed Combat
 + Level 7.1 Shapeshifting


You had 7 spell levels left.
You didn't know any spells.
Your spell library contained the following spells:

 Spells                   Type           Power      Damage    Failure   Level
 Blink                    Tloc           0%         N/A       54%         2
 Lesser Beckoning         Tloc           0%         N/A       54%         2
 Momentum Strike          Conj/Tloc      0%         3d8       54%         2
 Scorch                   Fire           0%         2d5       54%         2
 Ozocubu's Armour         Ice            0%         N/A       77%         3
 Flame Wave               Conj/Fire      0%         2d4       99%         4
 Metabolic Englaciation   Hex/Ice        0%         N/A       100%        5
 Sculpt Simulacrum        Ice/Alch       0%         N/A       100%        6
 Summon Cactus Giant      Summ           0%         N/A       100%        6


Dungeon Overview and Level Annotations

Branches:
Dungeon (7/15)             Temple (1/1) D:7

Altars:
Ashenzari
Cheibriados
Fedhas
Hepliaklqana
Makhleb
Okawaru
Qazlal
Ru
Trog
Uskayaw
Wu Jian
Xom
Yredelemnul

Shops:
D:1 :   D:4 (

Annotations:
D:3 3 runed translucent doors, KittyFluff's ghost, amateur TrSh; Prival's ghost, weakling DsCj; flammie80's ghost, weakling FoMo; tdog's ghost, amateur SpBr
D:5 1 runed translucent door, Crazy Yiuf
D:6 2 transporters, Consumeair16's ghost, novice GnCj


Innate Abilities, Weirdness & Mutations

You are a hulking beast.
Your limbs bulge with bestial killing power. (Slay +4)
You have very sharp fingernails.
You are mostly covered in large bone plates. (SH +6)


Message History

* * * LOW HITPOINT WARNING * * *
It was a potion of attraction.
You feel attractive to monsters. Something hits you.
* * * LOW HITPOINT WARNING * * *
Something is attracted toward you.
It was a potion of magic.
Magic courses through your body. You block something's attack.
It was a potion of ambrosia.
You are confused.
You feel invigorated. Something hits you.
* * * LOW HITPOINT WARNING * * *
You are too confused!
Unknown command.
You bump into the rock wall.
Something hits you.
* * * LOW HITPOINT WARNING * * *
You bump into the rock wall.
You're too confused to move!
You feel less invigorated.
You feel less confused. Something is attracted toward you.
Something hits you! x2
* * * LOW HITPOINT WARNING * * *
You claw something! Something hits you but does no damage.
Something is attracted toward you.
You claw something! Something hits you.
* * * LOW HITPOINT WARNING * * *
Something hits you.
* * * LOW HITPOINT WARNING * * *
Something hits you but does no damage.
You miss something. Something hits you but does no damage.
You miss something. Something hits you.
* * * LOW HITPOINT WARNING * * *
Something hits you.
* * * LOW HITPOINT WARNING * * *
You barely miss something. Something hits you.
* * * LOW HITPOINT WARNING * * *
You claw something! Something hits you but does no damage. Something hits you!
* * * LOW HITPOINT WARNING * * *
You scratch something. Something hits you!
You die...

#. #⌠. ..#.. #.#.# #.#.#
. #...# ....#########
#..##### .......h....#
#.##...
...########.######.)....
. ###.#...###.....
...####.......###.....
........##............
.........##...###.....
..........#.### #.....
##........#.# ##....
##.........# ##....


There were no monsters in sight!

Vanquished Creatures
  Grinder (D:3)
  Sigmund (D:5)
  2 yaks (D:6)
  A steam dragon (D:6)
  A sky beast (D:6)
  2 black bears
  An ogre (D:5)
  Blork the orc (D:4)
  2 bombardier beetles
  2 jellies
  An orc priest (D:5)
  A gnoll bouda (D:6)
  3 hounds
  2 sleepcaps
  2 iguanas (D:5)
  An orc wizard (D:6)
  Ijyb (D:3)
  Robin (D:3)
  5 gnolls (D:6)
  9 adders
  2 shadow imps
  2 ufetubi (D:5)
  2 ribbon worms
  3 dart slugs
  11 orcs
  3 endoplasms
  3 giant cockroaches (D:1)
  10 goblins
  15 hobgoblins
  2 jackals (D:4)
  4 quokkas
  6 ball pythons
  6 bats
  3 frilled lizards
  4 kobolds
  3 rats
119 creatures vanquished.

Notes
Turn   | Place    | Note
-------+----------+-------------------------------------------
     0 | D:1      | Fractals the Demonspawn Shapeshifter began the quest for
                  | the Orb.
     0 | D:1      | Reached XP level 1. HP: 15/15 MP: 1/1
   164 | D:1      | Gained mutation: You have sharp fingernails. [demonic
                  | ancestry]
   164 | D:1      | Reached XP level 2. HP: 13/21 MP: 2/2
   348 | D:1      | Reached skill level 1 in Stealth
   673 | D:1      | Found Wauppy's Vocational Training.
   747 | D:1      | Reached skill level 3 in Shapeshifting
  1102 | D:2      | Gained mutation: You have very sharp fingernails. [demonic
                  | ancestry]
  1102 | D:2      | Reached XP level 3. HP: 25/27 MP: 3/3
  1615 | D:3      | Noticed Grinder
  1661 | D:3      | Reached XP level 4. HP: 24/34 MP: 4/4
  1744 | D:3      | Found a runed translucent gate.
  1744 | D:3      | Found a runed translucent gate.
  1748 | D:3      | Noticed Prival's ghost (weakling DsCj)
  1750 | D:3      | Found a runed translucent gate.
  1750 | D:3      | Noticed KittyFluff's ghost (amateur TrSh)
  1750 | D:3      | Noticed tdog's ghost (amateur SpBr)
  1750 | D:3      | Noticed flammie80's ghost (weakling FoMo)
  2007 | D:3      | Identified the +1 leather armour of the World {Regen+
                  | Str+4}
  2047 | D:3      | Paralysed by Grinder for 3 turns
  2057 | D:3      | Killed Grinder
  2058 | D:3      | Reached XP level 5. HP: 30/41 MP: 5/5
  2058 | D:3      | Gained mutation: You are partially covered in large bone
                  | plates. (SH +4) [demonic ancestry]
  2058 | D:3      | Reached XP level 6. HP: 34/47 MP: 6/6
  2220 | D:3      | Reached skill level 4 in Shapeshifting
  2437 | D:3      | Noticed Robin
  2448 | D:3      | Noticed Ijyb
  2455 | D:3      | Killed Ijyb
  2473 | D:3      | Killed Robin
  2835 | D:4      | Noticed Blork the orc
  2839 | D:4      | Killed Blork the orc
  2854 | D:4      | Found Ocywurph's Weapon Shop.
  3178 | D:4      | Reached XP level 7. HP: 42/54 MP: 7/7
  3282 | D:4      | Found a shimmering altar of Xom.
  3284 | D:4      | Found an iron altar of Okawaru.
  3285 | D:4      | Found an ornate altar of the Wu Jian Council.
  3287 | D:4      | Found a broken altar of Ashenzari.
  3288 | D:4      | Found a basalt altar of Yredelemnul.
  3558 | D:5      | Entered Level 5 of the Dungeon
  3740 | D:5      | Reached skill level 5 in Shapeshifting
  3813 | D:5      | Identified the +0 helmet "Lesoi" {rElec Regen+ Dex+5}
  3884 | D:5      | Found a runed translucent door.
  3884 | D:5      | Identified the +12 hammer "Cigos" {venom, rF+}
  3885 | D:5      | Noticed Crazy Yiuf
  3935 | D:5      | Noticed Sigmund
  3956 | D:5      | Killed Sigmund
  4139 | D:6      | Identified the +2 robe "Ibbamp" {rC+ rCorr}
  4181 | D:6      | Gained mutation: You are mostly covered in large bone
                  | plates. (SH +6) [demonic ancestry]
  4181 | D:6      | Reached XP level 8. HP: 58/60 MP: 8/8
  4256 | D:6      | Reached skill level 6 in Shapeshifting
  4457 | D:6      | Found a transporter.
  4718 | D:6      | Found a transporter.
  4724 | D:6      | Noticed Consumeair16's ghost (novice GnCj)
  4737 | D:6      | Identified the +12 great mace of Collusion {heavy, ^Fragile
                  | rN+ Will+ MP+9}
  4737 | D:6      | Noticed a two-headed ogre
  4792 | D:6      | Reached skill level 5 in Fighting
  5136 | D:6      | Reached skill level 7 in Shapeshifting
  5294 | D:7      | Found a staircase to the Ecumenical Temple.
  5303 | Temple   | Entered the Ecumenical Temple
  5349 | Temple   | Became a worshipper of Qazlal Stormbringer
  5510 | D:7      | HP: 1/62 [something (8)]
  5511 | D:7      | Mangled by an unseen horror

Illustrated notes

Levels and vault maps discovered:
D:1:      nagdon_arrival_double_spiral, layout_basic, hangedman_decor_opposing,
          chequers_serial_rivers_marsh, nicolae_shop_vocational
D:2:      layout_basic
D:3:      minmay_diamond_boxcup, layout_basic, gammafunk_ghost_cemetery,
          chequers_serial_rivers_small_b, nicolae_goblin_pals, uniq_grinder
D:4:      minmay_evil_eye, layout_loops_cross, grunt_temple_overflow_open,
          serial_shops, shop, minmay_strange_pillars, uniq_blork_the_orc
D:5:      layout_rooms, uniq_crazy_yiuf_cottage, uniq_sigmund
D:6:      layout_loops_ring, gammafunk_ghost_smash
D:7:      lemuel_ice_statue, layout_rooms, palyth_temple_overflow_mages,
          minmay_temple_entry_nine_rooms
Temple:   nicolae_temple_cloud_nine

Skill      XL: |  1  2  3  4  5  6  7  8 |
---------------+-------------------------+-----
Stealth        | 1 2 3 4 |  4.0
Shapeshifting  | 3 4 5 7 |  7.1
Fighting       | 2 3 4 5 |  5.0
Unarmed Combat | 3 4 |  4.0
Armour         | 2 3 |  3.6
Dodging        | |  1.7

Action                     |  1- 3 |  4- 6 |  7- 9 || total
---------------------------+-------+-------+-------++-------
  Melee: Unarmed           |   105 |    99 |   157 ||   361
         Punch             |     2 |     1 |     4 ||     7
    Use: Scroll            |       |     3 |     3 ||     6
         Potion            |       |       |     4 ||     4
   Stab: Sleeping          |     1 |     6 |     6 ||    13
         Invisible         |       |       |     2 ||     2
         Distracted        |       |       |     1 ||     1
 Armour: Animal skin       |    55 |     1 |       ||    56
         Leather armour    |       |    46 |    94 ||   140
         Skin              |       |       |     1 ||     1
  Dodge: Dodged            |    63 |    42 |    67 ||   172
  Block: Other             |       |     8 |    25 ||    33
   Form: Beast             |       |     2 |     2 ||     4
                           |       |     1 |     1 ||     2
         Flux              |       |       |     1 ||     1
